cohdb
Replays
Latest Replays
All Replays
Popular Replays
Top Player Replays
Match Explorer
How It Works
Community
CoH3 Stats
Reddit
Sign in to upload your games and track your stats! →
Sign in with Steam
Match 37567067
Unlisted
Match 37567067
Overview
Messages
Build Orders
End
Construct Weapon Support Center
Selects Airborne Battlegroup
Selects Heavy Machine Gun Paradrop
Heavy Machine Gun Paradrop
M1919 Machine Gun Team
Bazooka Squad
Heavy Machine Gun Paradrop
Mechanized Support Center
Selects Paratrooper Squad Paradrop
Paratrooper Squad Paradrop
Construct Motor Pool
Selects Recon Loiter
M24 Chaffee Light Tank
Selects Recon Loiter
M24 Chaffee Light Tank
M24 Chaffee Light Tank
Improvised Armor
uur
Axis Enjoyer Monkee
Tuhaf
DryCarrot
broodwarjc
mööp
0
0
Comments
sign in to comment!
No comments posted yet!